 Dungeon Sprint DCSS version 0.29.1-2-gbd0b4ee654 (webtiles) character file.

Game seed: 11637808106846053611

182 Groucho the Unseen (level 5, -3/19 (24) HPs)
             Began as a Spriggan Enchanter on Nov 4, 2022.
             Slain by a necrophage (7 damage)
             ... in the Dungeon (Sprint II: "The Violet Keep of Menkaure").
             The game lasted 00:00:40 (36 turns).

Groucho the Unseen (Spriggan Enchanter)               Turns: 36, Time: 00:00:41

HP:   -3/19 (24)    AC:  2    Str:  6    XL:     5   Next: 35%
MP:   10/10         EV: 17    Int: 17    God:
Gold: 0             SH:  0    Dex: 15    Spells: 9/9 levels left

rFire   . . .      SeeInvis +   a - +1 dagger
rCold   . . .      Faith    .   (no shield)
rNeg    . . .      Spirit   .   b - +0 robe
rPois   .          Reflect  .   (helmet restricted)
rElec   .          Harm     .   (no cloak)
rCorr   .          Rampage  .   (gloves unavailable)
Will    .....      NoTele   +   (boots unavailable)
Stlth   +++++++...              (no amulet)
HPRegen 0.06/turn               (no ring)
MPRegen 0.12/turn               (no ring)

@: heavily drained, very quick
A: very small, no large weapons, unfitting armour, see invisible, speed 3
a: no special abilities


You were in the Dungeon.
You visited 1 branch

Inventory:

Hand Weapons
 a - a +1 dagger (weapon)
Armour
 b - a +0 robe (worn)
Scrolls
 i - a scroll of blinking
Potions
 c - a potion of invisibility
 d - a potion of curing
 e - a potion of heal wounds
 f - a potion of haste
 g - 2 potions of magic
 h - a potion of berserk rage


   Skills:
 - Level 1.1 Short Blades
 - Level 2.6 Dodging
 * Level 17.1 Stealth
 - Level 2.6 Spellcasting
 - Level 3.6 Hexes


You had 9 spell levels left.
You didn't know any spells.
Your spell library contained the following spells:

 Spells                   Type           Power      Damage    Failure   Level
 Confusing Touch          Hex            14%        N/A       12%         3
 Tukima's Dance           Hex            14%        N/A       12%         3
 Ensorcelled Hibernation  Hex/Ice        16%        N/A       13%         2
 Dazzling Flash           Conj/Hex       16%        N/A       26%         3


Dungeon Overview and Level Annotations

Branches:
Dungeon (1/1)

Altars:


Innate Abilities, Weirdness & Mutations

You are very small and have problems with some larger weapons.
You are too small for most types of armour.
You have supernaturally acute eyesight. (SInv)
You cover ground extremely quickly. (Speed+++)


Message History

You have reached level 5!
You feel clever.
Unknown command.
There is an open door here.
Things that are here:
a necrophage corpse; a necrophage corpse
Found 243 gold pieces.
The necrophage hits you.
You feel drained.
You hit the necrophage but do no damage.
The necrophage closely misses you.
You barely miss the necrophage. The necrophage barely misses you.
You barely miss the necrophage. The necrophage misses you.
You hit the necrophage. You punch the necrophage.
The necrophage is lightly damaged.
The necrophage hits you.
You hit the necrophage.
The necrophage is moderately damaged.
The necrophage closely misses you.
You barely miss the necrophage.
The necrophage is moderately damaged.
The necrophage hits you!
You feel drained.
You closely miss the necrophage.
The necrophage is moderately damaged.
You hit the necrophage.
The necrophage is moderately damaged.
The necrophage hits you.
* * * LOW HITPOINT WARNING * * *
You feel drained.
* * * LOW HITPOINT WARNING * * *
There is an open door here.
Things that are here:
a necrophage corpse; a necrophage corpse
There is a staircase leading out of the dungeon here.
Memorise Ensorcelled Hibernation, consuming 2 spell levels and leaving 7?
You start memorising the spell.
You continue memorising.
The necrophage misses you.
You continue memorising.
The necrophage hits you but does no damage.
Your memorisation is interrupted.
The necrophage hits you!
You die...

## ##.#
#+#
#...##.##
+$##†@n.+
#...##.##
##.###+#
##


You could see a necrophage.

Vanquished Creatures
  3 necrophages (D)
3 creatures vanquished.

Notes
Turn   | Place    | Note
-------+----------+-------------------------------------------
     0 | D        | Groucho the Spriggan Enchanter began the quest for the Orb.
     0 | D        | Reached XP level 1. HP: 9/9 MP: 5/5
     1 | D        | Noticed a necrophage
     1 | D        | Noticed a necrophage
     1 | D        | Noticed a necrophage
     1 | D        | Noticed a necrophage
    10 | D        | Killed a necrophage
    11 | D        | Reached skill level 12 in Stealth
    11 | D        | Reached XP level 2. HP: 13/13 MP: 6/6
    11 | D        | Reached XP level 3. HP: 16/16 MP: 8/8
    14 | D        | Killed a necrophage
    15 | D        | Reached skill level 15 in Stealth
    15 | D        | Reached XP level 4. HP: 21/21 MP: 9/9
    17 | D        | Killed a necrophage
    18 | D        | Reached skill level 17 in Stealth
    18 | D        | Reached XP level 5. HP: 24/24 MP: 10/10
    36 | D        | Slain by a necrophage

Illustrated notes

Levels and vault maps discovered:
D:        the_violet_keep_of_menkaure [sprint2_stairs_cluster_1,
          sprint2_shoproom, sprint2_temple, sprint2_basic_supplies,
          sprint2_obstacle_1, sprint2_obstacle_2, sprint2_obstacle_7,
          sprint2_obstacle_3, sprint2_obstacle_6, sprint2_timed_cluster_1,
          sprint2_smallroom_cluster_1, sprint2_smallroom_final_cluster_1,
          sprint2_transparent_cluster_1, sprint2_second_timed_cluster_1,
          sprint2_sniper_area_1, sprint2_heavy_combat_area_1,
          sprint2_mutation_trap_area_1, sprint2_forest_area_1,
          sprint2_light_combat_area_1, sprint2_behind_water_1,
          sprint2_near_end_vault_1]

Skill      XL: |  1  2  3  4 |
---------------+-------------+-----
Stealth        | 12 15 17 | 17.1
Short Blades   | |  1.1
Dodging        | |  2.6
Spellcasting   | |  2.6
Hexes          | |  3.6

Action                   |  1- 3 |  4- 6 || total
-------------------------+-------+-------++-------
Melee: Dagger            |    12 |    11 ||    23
       Punch             |       |     1 ||     1
  Use: Potion            |     1 |       ||     1
 Stab: Invisible         |     3 |     1 ||     4
Armor: Robe              |       |     1 ||     1
Dodge: Dodged            |     8 |     7 ||    15
